General information
- name: BNet
- type: Ladder 1vs1/FFA
- host: Battle.net
- saver: iliketrees
map: TurtleRock
- players: 2
- length: 48:18
- speed: Fast
- version: 1.26 W3XP
- replay type: Public
» download(183 KB)
Players
team 1 (loser)
COREA (
blue | 90 APM | 4326 actions | 48:14)
7 Blademaster
3 Wind Walk
3 Critical Strike
1 Bladestorm
7 Shadow Hunter
3 Hex
3 Healing Wave
1 Big Bad Voodoo
3 Tauren Chieftain
2 Shockwave
1 Endurance Aura
» actions
| Assign group hotkey | 45 | |
| Basic commands | 168 | |
| Build / train | 134 | |
| ESC pressed | 5 | |
| Enter build submenu | 49 | |
| Enter hero's abilities submenu | 17 | |
| Give item / drop item | 18 | |
| Right click | 1042 | |
| Select / deselect | 710 | |
| Select group hotkey | 1852 | |
| Use ability | 286 | |
4326 total
» units
| Peon | 12 | |
| Raider | 12 | |
| Wind Rider | 14 | |
| Troll Batrider | 7 | |
| Shaman | 4 | |
49 total
» upgrades
| Pillage | 1 | |
| Ensnare | 1 | |
| Reinforced Defenses | 1 | |
| Envenomed Spears | 1 | |
| Armor | 1 | |
| Ranged Weapons | 2 | |
| Liquid Fire | 1 | |
| Shaman Training | 2 | |
10 total
» buildings
| Altar of Storms | 1 | |
| Orc Burrow | 6 | |
| War Mill | 1 | |
| Voodoo Lounge | 1 | |
| Watch Tower | 34 | |
| Stronghold | 1 | |
| Beastiary | 2 | |
| Fortress | 1 | |
| Spirit Lodge | 1 | |
48 total
» build order
00:08 Altar of Storms
00:19 Orc Burrow
00:49 War Mill
01:06 Voodoo Lounge
01:31 Orc Burrow
02:17 Watch Tower
02:34 Watch Tower
03:15 Stronghold
03:36 Watch Tower
03:54 Watch Tower
04:04 Orc Burrow
04:38 Watch Tower
05:41 Beastiary
06:04 Beastiary
06:33 Orc Burrow
07:42 Fortress
10:33 Orc Burrow
11:47 Watch Tower
11:48 Watch Tower
11:48 Watch Tower
11:56 Orc Burrow
16:05 Watch Tower
16:05 Watch Tower
16:06 Watch Tower
19:33 Watch Tower
19:33 Watch Tower
19:34 Watch Tower
19:59 Watch Tower
20:39 Watch Tower
20:53 Watch Tower
21:34 Watch Tower
21:43 Watch Tower
21:57 Watch Tower
23:02 Watch Tower
23:03 Watch Tower
23:05 Watch Tower
28:21 Watch Tower
29:25 Watch Tower
31:52 Watch Tower
34:22 Watch Tower
34:23 Watch Tower
34:26 Watch Tower
34:39 Watch Tower
38:25 Spirit Lodge
44:07 Watch Tower
44:07 Watch Tower
44:08 Watch Tower
44:09 Watch Tower
» items
| Healing Salve | 12 | |
| Lesser Clarity Potion | 22 | |
| Boots of Speed | 1 | |
| Circlet of Nobility | 1 | |
| Scroll of Speed | 2 | |
| Orb of Lightning | 1 | |
| Scroll of Town Portal | 10 | |
| Tiny Great Hall | 1 | |
50 total
team 2 (winner)
iliketrees (
purple | 160 APM | 7716 actions | 48:18)
6 Demon Hunter
3 Mana Burn
2 Evasion
1 Metamorphosis
6 Beastmaster
3 Summon Quilbeast
3 Summon Hawk
4 Goblin Tinker
2 Pocket Factory
2 Engineering Upgrade
» actions
| Assign group hotkey | 77 | |
| Basic commands | 164 | |
| Build / train | 214 | |
| ESC pressed | 17 | |
| Enter build submenu | 83 | |
| Enter hero's abilities submenu | 17 | |
| Give item / drop item | 24 | |
| Right click | 2469 | |
| Select / deselect | 1393 | |
| Select group hotkey | 2755 | |
| Use ability | 503 | |
7716 total
» units
| Wisp | 90 | |
| Archer | 3 | |
| Druid of the Talon | 23 | |
| Hippogryph | 14 | |
130 total
» upgrades
| Ultravision | 1 | |
| Druid of the Talon Training | 2 | |
| Mark of the Talon | 1 | |
| Nature's Blessing | 1 | |
| Well Spring | 1 | |
| Strength of the Wild | 2 | |
| Vorpal Blades | 1 | |
9 total
» buildings
| Altar of Elders | 1 | |
| Moon Well | 12 | |
| Ancient of War | 8 | |
| Tree of Ages | 1 | |
| Hunter's Hall | 2 | |
| Ancient of Wind | 4 | |
| Ancient of Wonders | 3 | |
| Ancient Protector | 37 | |
| Tree of Eternity | 1 | |
| Tree of Life | 5 | |
74 total
» build order
00:08 Altar of Elders
00:19 Moon Well
00:25 Ancient of War
02:01 Moon Well
02:50 Tree of Ages
03:08 Moon Well
04:38 Hunter's Hall
05:20 Ancient of Wind
05:21 Ancient of Wind
05:59 Ancient of Wonders
06:10 Ancient Protector
06:11 Ancient Protector
06:14 Ancient Protector
07:38 Tree of Eternity
09:50 Moon Well
09:51 Moon Well
15:08 Moon Well
15:09 Moon Well
15:14 Ancient Protector
15:18 Ancient Protector
15:19 Ancient Protector
16:41 Tree of Life
17:37 Ancient of Wonders
18:18 Ancient Protector
18:19 Ancient Protector
20:01 Moon Well
20:02 Moon Well
20:03 Ancient Protector
20:30 Tree of Life
20:34 Ancient Protector
20:37 Ancient Protector
20:43 Ancient Protector
20:48 Moon Well
20:52 Ancient of Wonders
21:41 Ancient Protector
21:41 Ancient Protector
21:43 Ancient of War
21:50 Ancient Protector
21:51 Ancient Protector
21:53 Ancient of War
21:55 Tree of Life
23:09 Ancient Protector
23:10 Ancient Protector
23:11 Ancient of War
23:18 Ancient of War
23:19 Ancient of War
23:20 Ancient Protector
23:27 Ancient of War
23:38 Ancient Protector
24:49 Tree of Life
25:07 Ancient Protector
25:14 Ancient Protector
25:17 Ancient Protector
25:17 Ancient Protector
25:31 Ancient Protector
35:01 Ancient Protector
35:02 Ancient Protector
36:11 Tree of Life
36:15 Ancient of War
37:48 Ancient Protector
37:49 Ancient Protector
37:49 Ancient Protector
37:50 Ancient Protector
37:52 Ancient Protector
38:05 Ancient Protector
38:07 Ancient Protector
38:08 Ancient Protector
38:09 Ancient Protector
38:10 Ancient Protector
41:45 Hunter's Hall
42:49 Ancient of Wind
42:50 Ancient of Wind
45:26 Moon Well
45:27 Moon Well
» items
| Boots of Speed | 2 | |
| Dust of Appearance | 2 | |
| Staff of Teleportation | 3 | |
| Potion of Lesser Invulnerability | 4 | |
| Moonstone | 6 | |
| Staff of Preservation | 1 | |
| Orb of Venom | 2 | |
| Potion of Healing | 5 | |
| Scroll of Healing | 2 | |
| Scroll of Town Portal | 8 | |
| Lesser Clarity Potion | 3 | |
| Tome of Retraining | 1 | |
39 total
Chat log
(04:43 / All) iliketrees: WHY ARE U SUCH A FUCKIN BAD PLAYER?
(04:48 / All) iliketrees: PROTO FAGGOT
(10:26 / All) iliketrees: so u mh too goood!!!
(37:34 / All) iliketrees: so lucky u got wards
(37:36 / All) iliketrees: ur awful
(37:42 / All) iliketrees: high lvl fucker
(43:54 / All) iliketrees: come out and play
(43:57 / All) iliketrees: i know u got no gold
(44:49 / All) iliketrees: ur so pathetic
(48:09 / All) iliketrees: bitch die
(48:13 / All) COREA: lol bye